 Dungeon Crawl Stone Soup version 0.29-a0-472-ge5599a681e (webtiles) character file.

Game seed: 5496294168280948619

3 porpoise the Shooter (level 1, 0/12 HPs)
             Began as a Tengu Hunter on May 23, 2022.
             Slain by a gnoll
             ... wielding a +0 spear
              (6 damage)
             ... on level 1 of the Dungeon.
             The game lasted 00:00:47 (329 turns).

porpoise the Shooter (Tengu Hunter)                  Turns: 329, Time: 00:00:47

Health: 0/12       AC:  3    Str: 11    XL:     1   Next: 50%
Magic:  2/2        EV: 12    Int:  9    God:
Gold:   56         SH:  0    Dex: 17    Spells: 0/0 levels left

rFire   . . .      SeeInvis .   a - +1 shortbow
rCold   . . .      Faith    .   (shield currently unavailable)
rNeg    . . .      Spirit   .   b - +0 leather armour
rPois   .          Reflect  .   (helmet restricted)
rElec   .          Harm     .   (no cloak)
rCorr   .          Rampage  .   (no gloves)
Will    .....                   (boots unavailable)
Stlth   ++........              (no amulet)
HPRegen 0.04/turn               (no ring)
MPRegen 0.08/turn               (no ring)

@: no status effects
A: beak, talons 3
a: no special abilities


You were on level 1 of the Dungeon.
You visited 1 branch of the dungeon, and saw 1 of its levels.

You collected 56 gold pieces.

Inventory:

Hand Weapons
 a - a +1 shortbow (weapon)
Armour
 b - a +0 leather armour (worn)
Jewellery
 i - a ring of fire
Scrolls
 c - a scroll of immolation
 d - a scroll of fear {unknown}
 e - a scroll of blinking {unknown}
 f - 4 scrolls of identify {unknown}
 h - a scroll of fog {unknown}
 k - a scroll of amnesia {unknown}
 l - a scroll of noise {unknown}
Potions
 g - a potion of heal wounds {unknown}
 j - a potion of degeneration {unknown}


   Skills:
 + Level 2.0 Fighting
 * Level 4.5 Bows
 - Level 2.1 Dodging
 + Level 1.1 Stealth


You couldn't memorise any spells.
You didn't know any spells.
Your spell library contained the following spells:

 Spells                   Type           Power      Damage    Failure   Level
 Magic Dart               Conj           0%         1d3       47%         1
 Searing Ray              Conj           0%         2d4       63%         2
 Fulminant Prism          Conj/Hex       0%         3d6       99%         4


Dungeon Overview and Level Annotations

Branches:
Dungeon (1/15)

Altars:


Innate Abilities, Weirdness & Mutations

You have a beak for a mouth.
You have claws for feet.


Message History

You now have 34 gold pieces (gained 10).
You now have 37 gold pieces (gained 3).
j - a grey potion You open the door.
There is an open door here.
Found a faded altar of an unknown god.
A bat comes into view.
Found an escape hatch in the floor.
You shoot an arrow. The arrow hits the bat!
You kill the bat!
No target in view!
No target in view!
No target in view!
You open the door.
There is an open door here.
You now have 48 gold pieces (gained 11).
You open the door.
There is an open door here.
f - 3 scrolls labelled HANOETWOTOSE (gained 1)
Found a stone staircase leading down.
k - a scroll labelled BEORYD HADOTE
f - 4 scrolls labelled HANOETWOTOSE (gained 1)
l - a scroll labelled ENIGGUM BINLE You now have 56 gold pieces (gained 8).
A gnoll comes into view. It is wielding a +0 spear.
You shoot an arrow.
The arrow hits the gnoll but does no damage.
You shoot an arrow. The arrow hits the gnoll.
The gnoll is lightly wounded.
You shoot an arrow. The arrow completely misses the gnoll.
The gnoll hits you from afar with a +0 spear.
You shoot an arrow. The arrow closely misses the gnoll.
The gnoll misses you.
The gnoll hits you from afar with a +0 spear.
You shoot an arrow. The arrow hits the gnoll.
The gnoll is moderately wounded.
The gnoll barely misses you.
You shoot an arrow. The arrow closely misses the gnoll.
The gnoll hits you from afar with a +0 spear. x2
Ouch! That really hurt!
You die...

##########
#........##############
#........'.............
#........##############
#........+ .. .....
#........#.### #####
#............. ..#
#.......g..## #.#
#.....@....# #.#
#..........# ######.#
#####+#+#.>... ........
.#### .......# #
†......# .......#
......># .......#
######.#


You could see a gnoll.

Vanquished Creatures
  A bat (D:1)
  A hobgoblin (D:1)
  A rat (D:1)
3 creatures vanquished.

Notes
Turn   | Place    | Note
-------+----------+-------------------------------------------
     0 | D:1      | porpoise the Tengu Hunter began the quest for the Orb.
     0 | D:1      | Reached XP level 1. HP: 12/12 MP: 2/2
   272 | D:1      | Found a faded altar of an unknown god.
   329 | D:1      | Slain by a gnoll

Illustrated notes

Levels and vault maps discovered:
D:1:      dpeg_arrival_erosion, layout_basic, ebering_ecumenical_altar_abandoned

Action                   || total
-------------------------++-------
 Fire: Shortbow          ||    11
Dodge: Dodged            ||     2

Table legend: (Time is in decaauts)
 A = Elapsed time spent in this place.
 B = Non-inter-level travel time spent in this place.
 C = Inter-level travel time spent in this place.
 D = Time resting spent in this place.
 E = Time spent auto-exploring this place.
 F = Levels seen in this place.
 G = Mean time per level.
                   A        B        C        D        E       F      G
               +--------+--------+--------+--------+--------+-----+--------+
         Total |    332 |    332 |      0 |      0 |    301 |   1 |  332.0 |
       Dungeon |    332 |    332 |      0 |      0 |    301 |   1 |  332.0 |
               +--------+--------+--------+--------+--------+-----+--------+

Top non-repeatable levels by time:
     D:1: 332 daAuts
